Map: World of Sleepers LE

Players

ZenTraiDee - Winner!

  • Race: Terran Terran
  • League: Platinum
  • Spawn Location: 7:00

GrooveDrBoom

  • Race: Terran Terran
  • League: Silver
  • Spawn Location: 1:00

GrooveDrBoom

  • Race: Terran Terran
  • League: Silver
  • Spawn Location: 1:00

VOD

Have the link to the VOD?

Description

Time

  • Played on: March 7, 2020, 11:33 a.m.
  • Length: 19:02
Show
View Real Time Build Order
Export as new Build Order

ZenTraiDee Terran - Winner!

Build Orders: Mech 

Get SALT Encoding   

  12  0:01  SCV  
  13  0:14  SCV  
  14  0:20  Supply Depot  
  14  0:26  SCV  
  15  0:29  Refinery  
  15  0:41  SCV  
  16  0:47  Barracks  
  16  0:58  SCV  
  17  1:10  SCV  
  18  1:22  SCV  
  19  1:36  Marine  
  20  1:44  Command Center  
  20  1:54  Barracks  
  20  1:56  Orbital Command  
  20  2:01  Marine  
  21  2:19  Marine  
  21  2:20  Barracks  
  22  2:23  SCV  
  22  2:29  Supply Depot  
  23  2:41  Barracks Tech Lab  
  23  2:46  Factory  
  23  2:51  SCV  
  24  2:56  SCV  
  25  3:03  SCV  
  26  3:12  Orbital Command  
  26  3:16  Concussive Shells  
  26  3:20  Marauder  
  26  3:21  Marine  
  26  3:22  Marine  
  30  3:29  Factory Tech Lab  
  30  3:34  Starport  
  30  3:39  SCV x2  
  32  3:41  Marauder  
  34  3:51  SCV x2  
  36  4:00  Barracks Reactor x2  
  36  4:03  SCV x2, Marauder  
  40  4:17  Refinery  
  40  4:18  SCV x2  
  40  4:24  Marine  
  43  4:30  SCV x2  
  45  4:40  Marine  
  46  4:48  Supply Depot  
  46  5:02  Stimpack  
  46  5:10  SCV x2, Marine x4  
  46  5:11  Supply Depot  
  46  5:13  Command Center  
  51  5:28  SCV x2, Marine  
  54  5:40  SCV x2  
  56  5:45  Marine  
  57  5:52  SCV x2  
  57  5:55  Liberator  
  62  6:17  Refinery  
  62  6:20  Refinery  
  62  6:24  SCV x2  
  64  6:28  Supply Depot  
  64  6:36  SCV x2  
  64  6:37  Orbital Command  
  64  6:38  Liberator  
  69  6:48  SCV x2  
  69  6:51  Supply Depot  
  69  6:52  Engineering Bay  
  71  6:56  Engineering Bay  
  71  7:00  Barracks  
  71  7:17  SCV x3  
  74  7:24  Supply Depot  
  74  7:29  SCV x3  
  77  7:32  Siege Tank  
  80  7:41  SCV x3, Factory  
  83  7:44  Factory  
  83  7:52  Barracks Reactor  
  83  7:54  Terran Infantry Weapons Level 1  
  83  8:02  Marine x5  
  83  8:04  Combat Shield, Siege Tank  
  91  8:07  Barracks  
  91  8:13  Supply Depot  
  91  8:14  Supply Depot  
  91  8:19  Marine  
  91  8:20  Marine x4  
  91  8:21  Starport Reactor  
  96  8:33  SCV x2  
  96  8:34  SCV  
  99  8:36  Siege Tank  
  99  8:37  Supply Depot, Marine x3  
  99  8:38  Supply Depot, Marine x2  
  107  8:45  SCV, Barracks  
  107  8:46  SCV x2  
  107  8:47  Barracks x2  
  110  8:50  Barracks  
  110  8:52  Barracks x2  
  110  8:55  Marine x5  
  110  8:57  SCV  
  110  9:02  Supply Depot  
  116  9:04  Supply Depot  
  116  9:11  Supply Depot  
  116  9:12  Supply Depot  
  116  9:13  Marine x5  
  116  9:16  Marine  
  116  9:17  Marine x2  
  124  9:26  Supply Depot  
  124  9:28  Supply Depot  
  124  9:31  Medivac x2, Marine x5  
  125  9:34  Supply Depot, Marine x3, Factory Tech Lab  
  125  9:35  Factory Tech Lab  
  125  9:38  Supply Depot  
  133  9:47  Armory  
  133  9:49  Marine x5  
  133  9:52  Marine x3  
  140  9:59  Supply Depot  
  141  10:01  Medivac x2  
  141  10:02  Supply Depot  
  141  10:04  Marine  
  141  10:05  Marine  
  141  10:06  Marine  
  141  10:07  Marine x4, Terran Infantry Armor Level 1  
  148  10:10  Marine x3  
  155  10:14  Marine x4  
  159  10:22  Supply Depot, Marine x2  
  159  10:23  Supply Depot  
  159  10:24  Marine x5  
  159  10:25  Supply Depot  
  159  10:28  Marine x3  
  169  10:31  Medivac x2  
  169  10:32  Marine x4  
  177  10:40  Marine x2  
  177  10:42  Marine x5  
  180  10:45  Marine  
  180  10:46  Marine x2  
  180  10:48  Supply Depot  
  180  10:49  Marine  
  187  10:50  Marine x3  
  191  10:58  Marine x2  
  191  11:00  Marine x5  
  191  11:01  Medivac  
  200  11:14  Command Center  
  200  11:32  Terran Infantry Weapons Level 2  
  162  12:23  Medivac x2  
  162  12:24  Marine  
  162  12:25  Marine x13  
  180  12:42  Marine  
  180  12:43  Marine x13  
  136  12:53  Medivac x2  
  120  13:00  Marine x5  
  120  13:01  Marine x2  
  120  13:04  Siege Tank  
  124  13:18  Marine  
  125  13:20  Marine x6  
  125  13:21  Marine x7  
  125  13:23  Medivac x2  
  142  13:36  Marine, Siege Tank  
  142  13:38  Marine x10  
  142  13:39  Marine x3  
  159  13:47  Barracks  
  159  13:51  Barracks  
  159  13:54  Marine  
  160  13:56  Marine x13  
  173  14:08  Siege Tank  
  176  14:12  Marine  
  176  14:14  Marine x13  
  168  14:30  Marine  
  147  14:31  Marine  
  147  14:32  Marine x12  
  160  14:40  Siege Tank  
  152  14:47  Marine  
  152  14:49  Marine x4  
  152  14:50  Marine x9  
  143  14:59  Medivac  
  127  15:00  Medivac  
  139  15:05  Marine  
  142  15:07  Marine x9  
  142  15:08  Marine x4  
  142  15:13  Siege Tank  
  158  15:23  Marine  
  158  15:25  Marine x13  
  172  15:29  Medivac x2  
  163  15:41  Marine  
  144  15:43  Marine x4  
  118  15:59  Medivac  
  101  16:13  Medivac  
  101  16:16  Marine x9  
  101  16:17  Marine x5  
  117  16:29  Medivac  
  119  16:34  Marine x13  
  119  16:35  Marine  
  133  16:43  Medivac  
  135  16:51  Marine  
  135  16:52  Marine x13  
  143  16:59  Medivac  
  143  17:09  Marine  
  143  17:10  Marine x13  
  157  17:19  Siege Tank  
  160  17:27  Marine x2  
  160  17:28  Siege Tank x2  
  168  17:37  Marine x12  
  180  17:45  Marine x2  
  180  17:51  Siege Tank  
  185  17:54  Marine  
  185  17:55  Marine x3  
  189  18:00  Siege Tank x2  
  139  18:23  Siege Tank  
Show
View Real Time Build Order
Export as new Build Order

GrooveDrBoom Terran 

Build Orders: 2 Factory 

Get SALT Encoding   

  12  0:02  SCV  
  13  0:16  SCV  
  14  0:28  SCV, Supply Depot  
  14  0:31  Refinery  
  15  0:49  SCV  
  16  0:51  Barracks  
  16  1:01  SCV  
  17  1:10  Supply Depot  
  17  1:13  SCV  
  18  1:26  Barracks  
  18  1:45  Orbital Command  
  18  1:52  Refinery  
  18  1:59  Marine  
  19  2:13  Supply Depot  
  19  2:17  SCV  
  20  2:23  Factory  
  20  2:24  Marine x2  
  22  2:33  SCV  
  23  2:42  Marine x2  
  25  3:06  Marine  
  25  3:07  Marine  
  26  3:14  Factory  
  26  3:15  Factory Tech Lab  
  26  3:19  SCV  
  27  3:24  Marine x2  
  29  3:34  SCV  
  29  3:38  Supply Depot  
  30  3:47  Siege Tank  
  33  3:54  Barracks Tech Lab  
  33  3:55  Barracks Tech Lab  
  33  3:58  SCV  
  33  4:00  Factory Tech Lab  
  34  4:05  Engineering Bay  
  34  4:10  SCV  
  35  4:35  Command Center  
  35  4:36  Refinery  
  35  4:44  Siege Tank x2  
  41  4:50  Marine x2  
  41  4:52  Terran Infantry Weapons Level 1  
  43  4:55  Combat Shield  
  42  5:41  Siege Tank  
  45  5:42  Marine  
  45  5:43  Marine  
  45  5:46  Siege Tank  
  50  5:56  SCV  
  51  6:00  Marine, Planetary Fortress  
  51  6:03  Refinery  
  52  6:14  SCV  
  53  6:39  SCV x2  
  55  6:46  Terran Infantry Armor Level 1  
  55  6:53  Supply Depot  
  56  6:54  SCV x2  
  56  6:57  Siege Tank  
  60  7:15  Siege Tank  
  63  7:16  Supply Depot  
  63  7:17  SCV  
  63  7:18  SCV  
  63  7:22  Armory  
  65  7:23  Command Center  
  65  7:38  Supply Depot  
  65  7:54  Marine x2  
  67  8:00  SCV  
  67  8:01  SCV  
  67  8:04  Factory  
  69  8:14  Siege Tank x2  
  75  8:31  Refinery  
  75  8:36  SCV  
  75  8:37  SCV x2  
  75  8:38  Marine x2  
  80  8:46  Terran Infantry Weapons Level 2, Thor  
  86  8:55  Refinery  
  86  9:04  SCV x2  
  86  9:05  SCV  
  89  9:18  Bunker  
  89  9:22  Marine  
  89  9:23  Marine  
  91  9:40  Marine  
  91  9:41  Orbital Command  
  91  9:43  SCV x2  
  94  9:48  Bunker  
  94  9:49  Thor  
  100  9:56  Supply Depot  
  100  9:57  Supply Depot x2  
  100  9:59  Armory  
  100  10:09  Terran Vehicle Weapons Level 1  
  100  10:17  Thor  
  100  10:20  Marine  
  100  10:21  Marine  
  108  10:30  Factory  
  108  10:33  Factory Tech Lab  
  108  10:38  Marine x2  
  108  10:40  Thor  
  116  10:48  SCV x3  
  119  10:56  Marine x2  
  121  11:00  SCV x3  
  124  11:04  Thor x2  
  136  11:12  SCV  
  136  11:14  Marine x2  
  136  11:17  SCV x2  
  141  11:31  Thor  
  141  11:38  Terran Vehicle And Ship Armor Level 1  
  126  12:15  Refinery  
  105  12:16  Command Center  
  105  12:20  Refinery  
  105  12:30  Missile Turret  
  71  13:08  Thor  
  71  13:09  Thor x2  
  71  13:11  Factory Tech Lab  
  89  13:18  Marine x2  
  91  13:35  Marine, SCV x2  
  91  13:36  Marine  
  95  13:47  SCV  
  95  13:48  SCV  
  97  13:50  Thor  
  97  13:51  Thor x2  
  97  13:53  Marine  
  116  13:59  SCV  
  94  15:09  Thor x4  
  88  15:53  Marine x2  
  88  15:56  Thor x2  
  96  16:07  Hellion x2  
  96  16:11  Marine x2  
  89  16:28  Hellion x2  
  89  16:29  Marine x2  
  89  16:30  Starport  
  95  16:39  Hellion x2  
  97  16:46  Marine x2  
  92  17:04  Marine x2  
  96  17:17  Starport Reactor  
  96  17:22  Marine  
  94  17:34  SCV  
  95  17:41  SCV x2  
  97  17:44  Siege Tank x2  
  97  17:46  SCV  
  104  17:53  SCV  
  104  17:58  SCV  
  81  18:10  SCV  
  47  18:22  SCV  
Show
View Real Time Build Order
Export as new Build Order

GrooveDrBoom Terran 

Build Orders: 2 Factory 

Get SALT Encoding   

  12  0:02  SCV  
  13  0:16  SCV  
  14  0:28  SCV, Supply Depot  
  14  0:31  Refinery  
  15  0:49  SCV  
  16  0:51  Barracks  
  16  1:01  SCV  
  17  1:10  Supply Depot  
  17  1:13  SCV  
  18  1:26  Barracks  
  18  1:45  Orbital Command  
  18  1:52  Refinery  
  18  1:59  Marine  
  19  2:13  Supply Depot  
  19  2:17  SCV  
  20  2:23  Factory  
  20  2:24  Marine x2  
  22  2:33  SCV  
  23  2:42  Marine x2  
  25  3:06  Marine  
  25  3:07  Marine  
  26  3:14  Factory  
  26  3:15  Factory Tech Lab  
  26  3:19  SCV  
  27  3:24  Marine x2  
  29  3:34  SCV  
  29  3:38  Supply Depot  
  30  3:47  Siege Tank  
  33  3:54  Barracks Tech Lab  
  33  3:55  Barracks Tech Lab  
  33  3:58  SCV  
  33  4:00  Factory Tech Lab  
  34  4:05  Engineering Bay  
  34  4:10  SCV  
  35  4:35  Command Center  
  35  4:36  Refinery  
  35  4:44  Siege Tank x2  
  41  4:50  Marine x2  
  41  4:52  Terran Infantry Weapons Level 1  
  43  4:55  Combat Shield  
  42  5:41  Siege Tank  
  45  5:42  Marine  
  45  5:43  Marine  
  45  5:46  Siege Tank  
  50  5:56  SCV  
  51  6:00  Planetary Fortress, Marine  
  51  6:03  Refinery  
  52  6:14  SCV  
  53  6:39  SCV x2  
  55  6:46  Terran Infantry Armor Level 1  
  55  6:53  Supply Depot  
  56  6:54  SCV x2  
  56  6:57  Siege Tank  
  60  7:15  Siege Tank  
  63  7:16  Supply Depot  
  63  7:17  SCV  
  63  7:18  SCV  
  63  7:22  Armory  
  65  7:23  Command Center  
  65  7:38  Supply Depot  
  65  7:54  Marine x2  
  67  8:00  SCV  
  67  8:01  SCV  
  67  8:04  Factory  
  69  8:14  Siege Tank x2  
  75  8:31  Refinery  
  75  8:36  SCV  
  75  8:37  SCV x2  
  75  8:38  Marine x2  
  80  8:46  Terran Infantry Weapons Level 2, Thor  
  86  8:55  Refinery  
  86  9:04  SCV x2  
  86  9:05  SCV  
  89  9:18  Bunker  
  89  9:22  Marine  
  89  9:23  Marine  
  91  9:40  Marine  
  91  9:41  Orbital Command  
  91  9:43  SCV x2  
  94  9:48  Bunker  
  94  9:49  Thor  
  100  9:56  Supply Depot  
  100  9:57  Supply Depot x2  
  100  9:59  Armory  
  100  10:09  Terran Vehicle Weapons Level 1  
  100  10:17  Thor  
  100  10:20  Marine  
  100  10:21  Marine  
  108  10:30  Factory  
  108  10:33  Factory Tech Lab  
  108  10:38  Marine x2  
  108  10:40  Thor  
  116  10:48  SCV x3  
  119  10:56  Marine x2  
  121  11:00  SCV x3  
  124  11:04  Thor x2  
  136  11:12  SCV  
  136  11:14  Marine x2  
  136  11:17  SCV x2  
  141  11:31  Thor  
  141  11:38  Terran Vehicle And Ship Armor Level 1  
  126  12:15  Refinery  
  105  12:16  Command Center  
  105  12:20  Refinery  
  105  12:30  Missile Turret  
  71  13:08  Thor  
  71  13:09  Thor x2  
  71  13:11  Factory Tech Lab  
  89  13:18  Marine x2  
  91  13:35  SCV x2, Marine  
  91  13:36  Marine  
  95  13:47  SCV  
  95  13:48  SCV  
  97  13:50  Thor  
  97  13:51  Thor x2  
  97  13:53  Marine  
  116  13:59  SCV  
  94  15:09  Thor x4  
  88  15:53  Marine x2  
  88  15:56  Thor x2  
  96  16:07  Hellion x2  
  96  16:11  Marine x2  
  89  16:28  Hellion x2  
  89  16:29  Marine x2  
  89  16:30  Starport  
  95  16:39  Hellion x2  
  97  16:46  Marine x2  
  92  17:04  Marine x2  
  96  17:17  Starport Reactor  
  96  17:22  Marine  
  94  17:34  SCV  
  95  17:41  SCV x2  
  97  17:44  Siege Tank x2  
  97  17:46  SCV  
  104  17:53  SCV  
  104  17:58  SCV  
  81  18:10  SCV  
  47  18:22  SCV  
Tags
 
Add a new tag
Caveats
  • Supply blocks, unpowered buildings, or Contaminate may cause inaccurate times.
  • Supply counts are checked every 10 seconds.